 Dungeon Crawl Stone Soup version 0.25-a0-822-g6581751b11 (webtiles) character file.

Game seed: 16960432180878681997, levelgen mode: deterministic

856 sanka the Frost Mage (level 8, -4/53 HPs)
             Began as a Barachi Ice Elementalist on Apr 20, 2020.
             Killed by miscasting Summon Ice Beast (11 damage)
             ... on level 5 of the Dungeon.
             The game lasted 00:10:01 (3905 turns).

sanka the Frost Mage (Barachi Ice Elementalist)     Turns: 3905, Time: 00:10:02

Health: -4/53      AC: 14    Str: 10    XL:     8   Next: 2%
Magic:  3/14       EV: 12    Int: 17    God:
Gold:   243        SH:  0    Dex: 13    Spells: 4/15 levels left

rFire    . . .     SeeInvis .   b - +1 scimitar (holy)
rCold    . . .     Gourm    .   (no shield)
rNeg     + . .     Faith    .   w - +1 leather armour {rN+}
rPois    .         Spirit   .   (no helmet)
rElec    .         Reflect  .   u - +0 cloak
rCorr    .         Harm     .   (no gloves)
MR       .....                  (no boots)
Stlth    ++........             (no amulet)
HPRegen  0.17/turn              r - +3 ring of protection
MPRegen  0.14/turn              (no ring)

@: icy armour, can't hop, very slightly contaminated, slow
A: +LOS, swims, slowness 1, strong legs 1
a: Hop


You were on level 5 of the Dungeon.
You were not hungry.

You visited 1 branch of the dungeon, and saw 6 of its levels.

You collected 243 gold pieces.


Innate Abilities, Weirdness & Mutations

You can be seen from farther away. (+LOS)
You can swim through water.
You cover ground slowly.
You can hop short distances.


   Skills:
 * Level 0.4 Fighting
 * Level 2.3 Dodging
 - Level 1.7 Stealth
 + Level 4.0 Spellcasting
 - Level 2.0 Summonings
 + Level 10.4 Ice Magic


You had 4 spell levels left.
You knew the following spells:

 Your Spells              Type           Power        Failure   Level  Hunger
a - Ozocubu's Armour      Chrm/Ice       ###.....     8%          3    ###....
x - Summon Ice Beast      Ice/Summ       ###.....     17%         4    ####...
y - Frozen Ramparts       Ice            #####.       1%          3    ###....
z - Freeze                Ice            ####         1%          1    None

Your spell library contained the following spells:

 Spells                   Type           Power        Failure   Level  Hunger
 Hailstorm                Conj/Ice       ###.....     26%         4    ####...

Inventory:

Hand Weapons
 a - a +0 hunting sling
 b - a +1 scimitar of holy wrath (weapon)
 C - a +1 hand axe of draining
Missiles
 m - 41 sling bullets
 n - 158 stones (quivered)
 o - 5 curare-tipped darts {=f}
Armour
 u - a +0 cloak (worn)
 w - a +1 leather armour of positive energy (worn)
 y - a +0 robe
Magical Staves
 B - an uncursed staff of air {unknown}
Jewellery
 r - a +3 ring of protection (left hand)
Wands
 p - a wand of paralysis (9)
Scrolls
 e - a scroll of immolation {unknown}
 g - 3 scrolls of fear {unknown}
 h - 10 scrolls of identify {unknown}
 k - a scroll of magic mapping {unknown}
 l - a scroll of blinking {unknown}
 q - a scroll of noise {unknown}
 t - a scroll of amnesia {unknown}
 A - a scroll of remove curse {unknown}
Potions
 d - 2 potions of mutation {unknown}
 f - 2 potions of curing {@q1}
 i - a potion of magic {unknown}
 j - 2 potions of lignification {!q}
 s - 2 potions of heal wounds {unknown}
 x - a potion of resistance {unknown}
 z - 2 potions of flight {unknown}
Comestibles
 c - 9 rations

Dungeon Overview and Level Annotations

Branches:
Dungeon (6/15)
 Temple: D:4-7

Altars:
Kikubaaqudgha
Makhleb
Okawaru
Ru
Sif Muna
Trog

▒...▒ ▒.▒... ▒...▒ ▒.▒.▒.
▒...▒ ▒.▒...
▒...▒▒▒▒▒▒▒.▒▒▒▒
▒...▒.......▒...
▒▒▒▒▒▒▒▒▒▒...............
.........▒...▒..........▒
▒.....▒...▒▒▒▒▒)▒....<
▒....F▒...+.....▒.▒..▒
▒.....▒...▒▒▒▒▒.▒.▒...
▒...Y.▒▒▒▒▒ ▒.▒.▒▒▒▒
.▒▒▒▒▒...▒▒▒ ▒.▒.....
..........▒ ▒▒▒▒▒ ▒.▒▒▒▒▒▒
..........▒▒▒▒...▒▒▒.▒▒▒▒▒▒
...^.............'..(......
.......▒▒▒.▒▒▒...▒.....▒▒▒▒
....... ▒..▒▒...▒.....▒▒▒▒


You could see an ice beast.


Message History

The ice beast hits your ice beast but does no damage.
Your ice beast closely misses the ice beast.
The ice beast completely resists.
The wall freezes the ice beast but do no damage.
The ice beast hits your ice beast but does no damage.
Your ice beast hits the ice beast but does no damage.
The ice beast completely resists.
The wall freezes the ice beast but do no damage.
The ice beast hits your ice beast but does no damage.
Your ice beast hits the ice beast but does no damage.
The ice beast completely resists.
The wall freezes the ice beast but do no damage.
The ice beast hits your ice beast but does no damage.
Your ice beast hits the ice beast but does no damage.
The ice beast completely resists.
The wall freezes the ice beast but do no damage.
The ice beast hits your ice beast. The ice beast freezes your ice beast.
Your ice beast closely misses the ice beast.
The ice beast completely resists.
The wall freezes the ice beast but do no damage.
The ice beast hits your ice beast but does no damage.
The frozen ramparts melt away.
Unknown command.
An ice beast is nearby!
Unknown command.
You miscast Summon Ice Beast.
You are very lightly contaminated with residual magic.
You are caught in an explosion of ice and frost!
You die...

Action                   |  1- 3 |  4- 6 |  7- 9 || total
-------------------------+-------+-------+-------++-------
Melee: Unarmed           |     1 |       |    17 ||    18
       Short sword       |     3 |       |       ||     3
       Scimitar          |       |     4 |    22 ||    26
 Fire: Hunting sling     |       |    46 |       ||    46
 Cast: Freeze            |    33 |    46 |     9 ||    88
       Frozen Ramparts   |     2 |     6 |     7 ||    15
       Ozocubu's Armour  |       |     1 |     4 ||     5
       Summon Ice Beast  |       |       |     1 ||     1
 Abil: Hop               |       |       |     3 ||     3
  Use: Potion            |       |       |     4 ||     4
 Stab: Sleeping          |       |     1 |       ||     1
  Eat: Chunk             |     3 |     5 |     2 ||    10
       Ration            |       |       |     1 ||     1
Armor: Robe              |     9 |     3 |       ||    12
       Leather armour    |       |     8 |    26 ||    34
       Skin              |       |       |    33 ||    33
Dodge: Dodged            |    27 |    25 |    59 ||   111
       Rpst.: Scimitar   |     1 |     7 |    10 ||    18

Levels and vault maps discovered:
D:1:      tarquinn_simple_flora_water_c, layout_basic
D:2:      layout_rooms, lemuel_doored_altar, grunt_temple_overflow_diamond,
          nicolae_ru_great_annihilating_truth
D:3:      layout_loops_corners, marbit_many_paths
D:4:      layout_basic, minmay_temple_entry_purple_smoke,
          guppyfry_early_orc_mine, uniq_grinder
D:5:      layout_basic, nicolae_overflow_hidden_temple, first_ration
D:6:      layout_rooms, hangedman_abyss_or_decor_lesser_grid, minmay_between

Notes
Turn   | Place    | Note
-------+----------+-------------------------------------------
     0 | D:1      | sanka the Barachi Ice Elementalist began the quest for the
                  | Orb.
     0 | D:1      | Reached XP level 1. HP: 13/13 MP: 3/3
   551 | D:1      | Reached XP level 2. HP: 19/19 MP: 3/5
   597 | D:1      | Reached skill level 3 in Spellcasting
   844 | D:2      | Found a sacrificial altar of Ru.
   904 | D:2      | Reached XP level 3. HP: 12/24 MP: 1/8
   906 | D:2      | Reached skill level 4 in Spellcasting
  1050 | D:2      | Learned a level 3 spell: Frozen Ramparts
  1054 | D:2      | Learned a level 3 spell: Ozocubu's Armour
  1306 | D:2      | Reached skill level 5 in Ice Magic
  1428 | D:2      | Found a shimmering blue altar of Sif Muna.
  1431 | D:2      | Found a burning altar of Makhleb.
  1434 | D:2      | Found an iron altar of Okawaru.
  1484 | D:2      | Found an ancient bone altar of Kikubaaqudgha.
  1612 | D:3      | Reached XP level 4. HP: 30/30 MP: 3/10
  1748 | D:3      | Learned a level 4 spell: Summon Ice Beast
  1849 | D:3      | Found a bloodstained altar of Trog.
  1872 | D:3      | Reached skill level 1 in Summonings
  1879 | D:3      | Reached skill level 2 in Summonings
  1879 | D:3      | Reached skill level 6 in Ice Magic
  1879 | D:3      | Reached XP level 5. HP: 28/35 MP: 2/11
  2589 | D:3      | Reached skill level 7 in Ice Magic
  2589 | D:3      | Reached XP level 6. HP: 39/41 MP: 6/12
  2909 | D:4      | Noticed an orc warrior
  2918 | D:4      | Killed an orc warrior
  2918 | D:4      | Reached skill level 8 in Ice Magic
  2926 | D:4      | Reached XP level 7. HP: 20/46 MP: 0/13
  3269 | D:5      | Entered Level 5 of the Dungeon
  3286 | D:5      | Reached skill level 9 in Ice Magic
  3296 | D:5      | Reached skill level 10 in Ice Magic
  3309 | D:5      | HP: 3/69 [something/puff of frost (6)]
  3620 | D:5      | Reached XP level 8. HP: 53/53 MP: 5/14
  3896 | D:5      | HP: 5/53 [ice beast (8)]
  3905 | D:5      | Killed by miscasting Summon Ice Beast

Vanquished Creatures
  An orc warrior (D:4)
  5 killer bees (D:5)
  4 orc priests
  2 worker ants
  8 orc wizards
  A hound zombie (D:6)
  4 adders
  2 worms
  2 dart slugs (D:2)
  A leopard gecko (D:1)
  17 orcs
  7 bats
  A giant cockroach (D:1)
  4 goblins (D:3)
  6 hobgoblins
  8 jackals
  4 kobolds
  A quokka (D:4)
  3 frilled lizards (D:3)
  A quokka zombie (D:5)
  5 rats
87 creatures vanquished.
